 Dungeon Crawl Stone Soup version 0.23-a0-151-gf6d1ed2 (webtiles) character file.

89884 kuniqs the Blocker (level 15, -5/141 HPs)
             Began as a Deep Dwarf Fighter on Sept 7, 2018.
             Was the Champion of Makhleb.
             Slain by a hellwing (11 damage)
             ... summoned by an orc high priest
             ... on level 2 of the Orcish Mines on Sept 8, 2018.
             The game lasted 00:41:08 (18682 turns).

kuniqs the Blocker (Deep Dwarf Fighter)            Turns: 18682, Time: 00:41:08

Health: -5/141     AC: -3    Str: 25    XL:     15   Next: 50%
Magic:  13/16      EV:  8    Int: 16    God:    Makhleb [******]
Gold:   1457       SH: 19    Dex:  8    Spells: 12/14 levels left

rFire    + + .     SeeInvis +   a - +4 broad axe (elec)
rCold    . . .     Gourm    .   W - +0 large shield of Jigsaw {rPois}
rNeg     + . .     Faith    .   t - +1 plate armour {rF+}
rPois    +         Spirit   .   Z - +1 helmet {Int+3}
rElec    .         Reflect  .   y - scarf {cloud immunity}
rCorr    .         Harm     .   (no gloves)
MR       +++++                  K - +0 pair of boots
Stlth    ..........             (no amulet)
HPRegen  0.00/turn              I - ring of see invisible
MPRegen  0.15/turn              r - ring "Miut" {rF+ MR+++ MP+9 Int+3 Dex-4}

@: singing (expiring), corroded, very slightly contaminated, non-regenerating
A: damage resistance, heal wounds, negative energy resistance 1, sense
surroundings 2, no regeneration
a: Heal Wounds, Minor Destruction, Lesser Servant of Makhleb, Major Destruction,
Greater Servant of Makhleb, Renounce Religion


You were on level 2 of the Orcish Mines.
You worshipped Makhleb.
Makhleb was exalted by your worship.
You were hungry.

You visited 4 branches of the dungeon, and saw 24 of its levels.
You also visited: Labyrinth and Bailey.

You collected 2129 gold pieces.
You spent 672 gold pieces at shops.

Inventory:

Hand Weapons
 a - a +4 broad axe of electrocution (weapon)
 b - the +5 mace of the Unstoppable Allies {freeze, rC+ rN+}
   (You found it on level 12 of the Dungeon)

   It has been specially enchanted to freeze those struck by it, causing extra
   injury to most foes and up to half again as much damage against particularly
   susceptible opponents.
   It can also slow down cold-blooded creatures.
   It protects you from cold.
   It protects you from negative energy.
 k - a +2 war axe of flaming
Missiles
 X - 9 throwing nets (quivered)
Armour
 t - a +1 plate armour of fire resistance (worn)
 y - a scarf of cloud immunity (worn)
 K - a +0 pair of boots (worn)
 W - the +0 large shield of Jigsaw (worn) {rPois}
   (You took it off Louise on level 14 of the Dungeon)

   It protects you from poison.
 Z - a +1 helmet of intelligence (worn)
Magical Staves
 i - an uncursed staff of air
Jewellery
 r - the ring "Miut" (right hand) {rF+ MR+++ MP+9 Int+3 Dex-4}
   (You found it on level 12 of the Dungeon)

   [ring of magical power]

   It affects your intelligence (+3).
   It affects your dexterity (-4).
   It protects you from fire.
   It affects your resistance to hostile enchantments.
   It affects your magic capacity (+9).
 I - a ring of see invisible (left hand)
Wands
 c - a wand of polymorph (62)
 u - a wand of disintegration (10)
 x - a wand of paralysis (4)
 z - a wand of scattershot (6)
 A - a wand of acid (25)
 B - a wand of iceblast (35)
 R - a wand of flame (46)
 S - a wand of clouds (4)
 U - a wand of enslavement (32)
Scrolls
 g - 7 scrolls of fog
 h - 3 scrolls of remove curse {@r2}
 j - 2 scrolls of fear
 l - 4 scrolls of blinking
 n - 6 scrolls of immolation
 s - 8 scrolls of teleportation
 C - a scroll of magic mapping
 H - 5 scrolls of vulnerability
 M - 5 scrolls of enchant armour
 N - a scroll of brand weapon
 P - a scroll of silence
 Y - a scroll of identify {@r1}
Potions
 d - 4 potions of might
 e - 4 potions of heal wounds
 m - 5 potions of haste
 o - 13 potions of curing {@q1}
 p - 8 potions of lignification
 q - a potion of cancellation
 w - 3 potions of flight
 F - a potion of agility
 Q - 4 potions of resistance
 T - a potion of berserk rage
 V - a potion of mutation
Miscellaneous
 v - a fan of gales
 E - 2 phantom mirrors
 J - a sack of spiders
 L - a lamp of fire
 O - a box of beasts
Comestibles
 f - 34 rations


   Skills:
 + Level 11.0 Fighting
 + Level 12.4 Axes
 + Level 12.6 Armour
 - Level 10.0 Dodging
 + Level 12.8 Shields
 + Level 7.8 Charms
 - Level 8.0 Invocations
 + Level 12.3 Evocations


You had 12 spell levels left.
You knew the following spells:

 Your Spells              Type           Power        Failure   Level  Hunger
a - Song of Slaying       Chrm           ####....     54%         2    ###....

Your spell library contained the following spells:

 Spells                   Type           Power        Failure   Level  Hunger
 Infusion                 Chrm           ####         38%         1    ##.....
 Shroud of Golubria       Chrm/Tloc      ##........   97%         2    ###....
 Spectral Weapon          Hex/Chrm       ##......     99%         3    ####...
 Confusing Touch          Hex            #.....       100%        1    ##.....
 Flame Tongue             Conj/Fire      #....        100%        1    ##.....
 Poisonous Vapours        Pois/Air       #.....       100%        2    ###....
 Confuse                  Hex            #.......     100%        3    ####...
 Conjure Flame            Conj/Fire      #.......     100%        3    ####...
 Gell's Gravitas          Tloc           #.........   100%        3    ####...
 Mephitic Cloud           Conj/Pois/Air  #.......     100%        3    ####...
 Recall                   Summ/Tloc      N/A          100%        3    ####...
 Animate Dead             Necr           N/A          100%        4    #####..
 Cause Fear               Hex            #.........   100%        4    #####..
 Petrify                  Tmut/Erth      #.......     100%        4    #####..
 Aura of Abjuration       Summ           #.........   100%        5    ######.
 Borgnjor's Vile Clutch   Necr/Erth      #.........   100%        5    ######.
 Metabolic Englaciation   Hex/Ice        #.........   100%        5    ######.
 Silence                  Hex/Air        #.........   100%        5    ######.
 Summon Demon             Summ           #.........   100%        5    ######.
 Summon Forest            Summ/Tloc      #.........   100%        5    ######.
 Summon Mana Viper        Hex/Summ       #.......     100%        5    ######.
 Yara's Violent Unravell  Hex/Tmut       #.........   100%        5    ######.
 Bolt of Fire             Conj/Fire      #.........   100%        6    #######
 Death Channel            Necr           #.........   100%        6    #######
 Deflect Missiles         Chrm/Air       ##........   100%        6    #######
 Freezing Cloud           Conj/Ice/Air   #.........   100%        6    #######
 Shadow Creatures         Summ           N/A          100%        6    #######
 Simulacrum               Ice/Necr       #.........   100%        6    #######
 Dragon Form              Tmut           #.........   100%        7    #######
 Ring of Flames           Chrm/Fire      ##........   100%        7    #######
 Discord                  Hex            #.........   100%        8    #######
 Dragon's Call            Summ           #.........   100%        9    #######
 Regeneration             Chrm/Necr      Unusable     N/A         3    N/A

Dungeon Overview and Level Annotations

Branches:
Dungeon (15/15)            Temple (1/1) D:4            Lair (6/6) D:8
  Swamp (0/4) Lair:2        Snake (0/4) Lair:4        Slime (0/5) Lair:5
    Orc (2/2) D:12         Vaults (0/5) D:13         Depths (0/5) D:15
    Elf: Orc:2

Altars:
Ashenzari
Dithmenos
Elyvilon
Fedhas
Gozag
Hepliaklqana
Kikubaaqudgha
Makhleb
Nemelex Xobeh
Okawaru
Qazlal
Ru
Sif Muna
Trog
Uskayaw
Vehumet
Wu Jian
Xom
Yredelemnul
Zin
The Shining One
Beogh

Shops:
D:11 (   D:14 }   D:15 [   Orc:2 [

Annotations:
Lair:3 exclusion: 2 oklob plants


Innate Abilities, Weirdness & Mutations

You are resistant to damage.
You can heal yourself by infusing magical energy.
You resist negative energy. (rN+)
You passively map the area around you.
You do not regenerate.


Message History

Ye block tha red devil's attack.
Tha hellwin' hits ye.
Tha hellwin' barely misses ye.
Tha orc warrior hits ye but does nay damage.
Ye block tha orc high priest's attack.
Ye hit tha orc sorcerer.
Ye hit tha rust devil.
Ye hit tha hellwin' but do nay damage.
Ye closely miss tha orc wizard.
Ye hit tha orc wizard.
Ye closely miss tha soul eater.
Ye hear a shout! x2
Tha orc wizard barely misses ye.
Tha rust devil hits ye!
* * * LOW HITPOINT WARNIN'
* * * Tha rust devil corrodes ye!
Tha orc sorcerer barely misses ye.
Ye block tha orc wizard's attack.
An orc comes inta view.
Tha soul eater hits ye!
* * * LOW HITPOINT WARNIN'
* * * An orc wizard comes inta view.
It be wieldin' a dagger o' venom.
Ye block tha red devil's attack.
An orc comes inta view.
It be wieldin' a flail.
Tha hellwin' hits ye!
Ye die...

, ,, ,, ,
##....ooo..... ,
.....To......,
.......8....,
#...oo...∩..
##.$..P......
##....oo...... ,
##.#.o#ooo.....
* *
#.....)@34o....,
##.#..44ooo....
#....#..oTo..# *
#......###4o.##
, ........ ,
3....* $.......,
,...., * *
...$.... ... ,
........ ,..., ,
......., ,, ,


You could see a soul eater, 2 orc high priests, a hellwing, a rust devil, 2
trolls, a neqoxec, an orc sorcerer, 2 red devils, 4 orc warriors, 2 orc priests,
5 orc wizards and 5 orcs.

Vanquished Creatures
  Kirke (D:13)
  Louise (D:14)
  Azrael (D:14)
  A minotaur (Lab)
  Snorg (D:14)
  A fire dragon (Lair:6)
  2 vault guards (D:13)
  8 hydras
  Erica (D:10)
  10 two-headed ogres
  2 centaur warriors
  2 ogre magi (D:15)
  7 death yaks
  A queen ant (Lair:3)
  An orc high priest (Orc:2)
  2 unseen horrors
  A swamp dragon (Lair:6)
  4 wizards
  2 necromancers
  5 cyclopes
  6 ugly things
  The ghost of heinrich the Bolt Thrower, a novice FoHu of Ru (D:6)
  2 manticores
  A wolf spider zombie (D:15)
  An orc knight (D:12)
  3 orc sorcerers
  An elephant (shapeshifter) (D:13)
  5 orange demons (D:13)
  2 black mambas
  12 spiny frogs
  An ice statue (Orc:1)
  2 naga magi (D:15)
  A gargoyle (D:11)
  3 rime drakes
  2 efreet
  7 komodo dragons
  2 kobold demonologists
  2 red devils (D:13)
  2 wandering mushrooms (Lair:4)
  A wind drake (shapeshifter) (D:15)
  A jumping spider (shapeshifter) (D:11)
  A hornet (D:15)
  6 trolls
  Grinder (D:3)
  8 blink frogs
  8 dream sheep
  9 hippogriffs
  A spriggan (D:7)
  5 wyverns
  47 yaks
  A shadow (D:15)
  A vampire (D:11)
  5 fire elementals (D:14)
  3 hungry ghosts
  6 basilisks
  6 hogs (D:13)
  2 steam dragons (Lair:6)
  19 humans (D:13)
  2 vampire mosquitoes (D:12)
  A redback simulacrum (D:13)
  14 water moccasins
  7 soldier ants (Lair:3)
  3 acid dragons
  6 porcupines
  3 hell hounds (D:14)
  A swamp drake (Lair:6)
  13 orc warriors
  4 black bears
  A hornet zombie (D:7)
  3 elephant zombies (Lair:5)
  6 ice beasts
  4 sky beasts
  4 phantoms
  15 ogres
  6 wolves
  6 centaurs
  14 crocodiles
  A big kobold (D:7)
  8 gnoll sergeants (Bailey)
  16 bullfrogs
  A wyvern zombie (D:12)
  A scorpion (Lair:1)
  8 killer bees
  7 howler monkeys
  6 electric eels
  A centaur zombie (D:12)
  18 jellies
  5 bullfrog zombies
  7 crimson imps
  A quasit (D:7)
  4 lava snakes (Lab)
  15 orc priests
  6 gnoll shamans (Bailey)
  11 hounds
  18 orc wizards
  A bullfrog skeleton (D:7)
  3 centaur skeletons
  7 iguanas
  Ijyb (D:3)
  31 worker ants
  Terence (D:3)
  A killer bee zombie (D:10)
  2 crocodile zombies (Lair:5)
  2 howler monkey zombies
  18 gnolls
  A howler monkey skeleton (D:11)
  8 adders
  2 shadow imps
  3 oozes
  An adder zombie (D:5)
  4 worms
  2 dart slugs
  3 leopard geckos
  62 orcs
  10 giant cockroaches
  12 goblins
  8 hobgoblins
  22 jackals
  4 quokkas
  8 bats
  2 frilled lizards
  8 kobolds
  2 leopard gecko skeletons
  A leopard gecko zombie (D:5)
  A quokka zombie (D:7)
  5 rats
  3 fungi
  7 plants
734 creatures vanquished.

Vanquished Creatures (collateral kills)
  Gastronok (Lair:1)
  3 yaks
  3 orc warriors (D:12)
  An orc priest (D:12)
  3 orcs (D:12)
11 creatures vanquished.

Vanquished Creatures (others)
  An orc high priest (D:12)
  A basilisk zombie (Lair:5)
  2 butterflies (Lair:6)
  2 fungi (Lair:6)
  11 plants
17 creatures vanquished.

Grand Total: 762 creatures vanquished

Notes
Turn   | Place    | Note
-------+----------+-------------------------------------------
     0 | D:1      | kuniqs the Deep Dwarf Fighter began the quest for the Orb.
     0 | D:1      | Reached XP level 1. HP: 20/20 MP: 1/1
   120 | D:1      | Reached XP level 2. HP: 24/27 MP: 2/2
   265 | D:1      | Reached skill level 1 in Dodging
   453 | D:2      | Reached XP level 3. HP: 23/33 MP: 3/3
  1320 | D:3      | Noticed Ijyb
  1320 | D:3      | Paralysed by Ijyb for 6 turns
  1490 | D:3      | Reached XP level 4. HP: 42/42 MP: 3/3
  1558 | D:3      | Noticed Terence
  1630 | D:4      | Found a staircase to the Ecumenical Temple.
  1663 | Temple   | Entered the Ecumenical Temple
  1814 | D:4      | Noticed an ogre
  1825 | D:4      | Killed an ogre
  1825 | D:4      | Reached XP level 5. HP: 34/49 MP: 4/4
  2090 | D:4      | Reached XP level 6. HP: 51/56 MP: 4/4
  2222 | D:5      | Entered Level 5 of the Dungeon
  2298 | D:5      | Noticed a sky beast
  2340 | D:5      | Killed a sky beast
  2378 | D:5      | Reached XP level 7. HP: 64/64 MP: 4/4
  2399 | D:5      | Reached skill level 5 in Armour
  2424 | D:5      | Reached skill level 5 in Shields
  3162 | D:6      | Found a stormy altar of Qazlal.
  3164 | D:6      | Noticed an air elemental
  3165 | D:6      | Noticed a fire elemental
  3165 | D:6      | Noticed a water elemental
  3237 | D:6      | Reached XP level 8. HP: 60/73 MP: 4/4
  3306 | D:6      | Reached skill level 5 in Axes
  3317 | D:6      | Got a brightly glowing ring mail
  3319 | D:6      | Identified the +1 ring mail of Hittegyalu {rPois MR+ Int+2}
                  | (You took it off an orc on level 6 of the Dungeon)
  3436 | D:6      | Found a runed door.
  3437 | D:6      | Noticed a kobold demonologist
  3437 | D:6      | Noticed heinrich's ghost (novice FoHu)
  3445 | D:6      | Noticed an ice devil
  3458 | D:6      | Killed a kobold demonologist
  3458 | D:6      | Reached skill level 5 in Fighting
  3458 | D:6      | Reached skill level 5 in Dodging
  3464 | D:6      | Killed heinrich's ghost
  3719 | D:6      | Gained mutation: You passively map the area around you.
                  | [Deep Dwarf growth]
  3719 | D:6      | Reached XP level 9. HP: 56/81 MP: 2/2
  3898 | D:7      | Got a twisted mace
  3926 | D:7      | Identified the +3 mace "Lankuu Heplo" {holy, rC+ rN+} (You
                  | found it on level 7 of the Dungeon)
  4297 | D:7      | Found a shimmering altar of Xom.
  4575 | D:7      | Found a burning altar of Makhleb.
  4580 | D:7      | Became a worshipper of Makhleb the Destroyer
  4725 | D:3      | Killed Ijyb
  4908 | D:3      | Found a glowing golden altar of the Shining One.
  4968 | D:3      | Noticed Grinder
  4981 | D:3      | Killed Grinder
  4981 | D:3      | Reached skill level 1 in Invocations
  4981 | D:3      | Reached skill level 1 in Evocations
  4981 | D:3      | Reached XP level 10. HP: 74/92 MP: 3/3
  5114 | D:3      | Killed Terence
  5188 | D:3      | Reached * piety under Makhleb
  5503 | D:8      | Noticed Psyche
  5731 | D:8      | Found a staircase to the Lair.
  5733 | D:8      | Noticed a death yak
  5733 | D:8      | Noticed a death yak
  5747 | D:8      | Noticed a death yak
  5748 | D:8      | Noticed a death yak
  5748 | D:8      | Noticed a death yak
  5750 | D:8      | Noticed a death yak
  5753 | D:8      | Noticed a death yak
  5793 | D:7      | Killed a death yak
  6146 | D:9      | Got a flickering golden ring
  6157 | D:9      | Identified the ring of Vigix {-Tele rPois Dex+4 Stlth+}
                  | (You found it on level 9 of the Dungeon)
  6246 | D:9      | Identified a scroll of acquirement
  6662 | D:10     | Entered Level 10 of the Dungeon
  6668 | D:10     | Reached ** piety under Makhleb
  6691 | D:10     | Noticed Erica
  6700 | D:10     | Killed Erica
  6783 | D:10     | Killed an unseen horror
  6783 | D:10     | Reached XP level 11. HP: 68/100 MP: 4/4
  7335 | D:11     | Noticed an eight-headed hydra
  7353 | D:11     | Killed a six-headed hydra
  7408 | D:11     | Reached skill level 5 in Invocations
  7408 | D:11     | Reached skill level 5 in Evocations
  7438 | D:11     | Noticed a four-headed hydra
  7444 | D:11     | Killed a one-headed hydra
  7580 | D:11     | Reached *** piety under Makhleb
  7878 | D:11     | Found Zoipn's Antique Weapon Boutique.
  8177 | D:8      | Noticed Psyche
  8177 | D:8      | Psyche changed into Psyche the bullfrog
  8181 | D:8      | Killed Psyche the bullfrog
  8182 | D:8      | Found an iron altar of Okawaru.
  8189 | D:8      | Learned a level 2 spell: Song of Slaying
  8238 | D:8      | Killed a death yak
  8247 | D:8      | Killed a death yak
  8247 | D:8      | Reached skill level 1 in Charms
  8256 | D:8      | Killed a death yak
  8256 | D:8      | Killed a death yak
  8266 | D:8      | Killed a death yak
  8266 | D:8      | Reached XP level 12. HP: 71/110 MP: 5/5
  8276 | D:8      | Killed a death yak
  8528 | D:8      | Found a basalt altar of Yredelemnul.
  8528 | D:8      | Found a hazy altar of Hepliaklqana.
  8533 | D:8      | Found a radiant altar of Vehumet.
  8535 | D:8      | Found a bloodstained altar of Trog.
  8536 | D:8      | Found an ornate altar of the Wu Jian Council.
  8621 | Lair:1   | Entered Level 1 of the Lair of Beasts
  8765 | Lair:1   | Noticed a six-headed hydra
  8800 | Lair:1   | Killed a one-headed hydra
  8800 | Lair:1   | Reached **** piety under Makhleb
  8877 | Lair:1   | Noticed Gastronok
  8888 | Lair:1   | Killed Gastronok
  8919 | Lair:1   | Reached skill level 10 in Shields
  8923 | Lair:1   | Reached skill level 10 in Armour
  9263 | Lair:2   | Found a staircase to the Swamp.
  9398 | Lair:2   | You fall through a shaft for 2 floors!
  9414 | Lair:4   | Found a staircase to the Snake Pit.
  9461 | Lair:4   | Found a labyrinth entrance.
  9488 | Lab      | Entered a labyrinth
  9909 | Lab      | Noticed a minotaur
  9919 | Lab      | Killed a minotaur
  9966 | Lair:4   | Noticed a seven-headed hydra
  9979 | Lair:4   | Killed a three-headed hydra
  9979 | Lair:4   | Reached skill level 10 in Axes
 10393 | Lair:2   | Noticed a four-headed hydra
 10403 | Lair:2   | Killed a one-headed hydra
 10403 | Lair:2   | Reached XP level 13. HP: 77/120 MP: 7/7
 10884 | Lair:3   | Reached skill level 10 in Dodging
 11276 | Lair:3   | Reached ***** piety under Makhleb
 11982 | Lair:5   | Found a staircase to the Slime Pits.
 12145 | Lair:5   | Noticed Nessos
 12154 | Lair:5   | Noticed Nessos
 12154 | Lair:5   | Nessos changed into Nessos the eye of devastation
 12155 | Lair:5   | Noticed Nessos
 12155 | Lair:5   | Nessos the eye of devastation changed into Nessos the dream
                  | sheep
 12160 | Lair:5   | Killed Nessos the dream sheep
 12687 | Lair:6   | Entered Level 6 of the Lair of Beasts
 12772 | Lair:6   | Reached skill level 5 in Charms
 12989 | Lair:6   | Reached ****** piety under Makhleb
 13147 | Lair:6   | Noticed a fire dragon
 13156 | Lair:6   | Reached skill level 10 in Evocations
 13163 | Lair:6   | Killed a fire dragon
 13396 | Lair:6   | Gained mutation: You resist negative energy. (rN+) [Deep
                  | Dwarf growth]
 13396 | Lair:6   | Reached XP level 14. HP: 88/130 MP: 6/6
 14057 | D:12     | Found a blossoming altar of Fedhas.
 14378 | D:12     | Found a roughly hewn altar of Beogh.
 14378 | D:12     | Found a staircase to the Orcish Mines.
 14564 | D:12     | Identified the +3 robe of the Iron City of Dis {Dex+5} (You
                  | found it on level 12 of the Dungeon)
 14702 | D:12     | Found a transporter.
 14820 | D:12     | Found a roughly hewn altar of Beogh.
 14838 | D:12     | Reached skill level 10 in Fighting
 14868 | D:12     | Got a pitted silver ring
 14869 | D:12     | Identified the ring "Miut" {rF+ MR+++ MP+9 Int+3 Dex-4}
                  | (You found it on level 12 of the Dungeon)
 14891 | D:12     | Identified the +5 mace of the Unstoppable Allies {freeze,
                  | rC+ rN+} (You found it on level 12 of the Dungeon)
 14942 | D:12     | Found a transporter.
 14994 | D:13     | Noticed Kirke
 15012 | D:13     | Killed Kirke
 15280 | D:13     | Identified the +1 falchion "Hoisogekk" {slice, *Noise
                  | Int+6} (You took it off a crimson imp on level 13 of the
                  | Dungeon)
 15611 | D:13     | Found a gate to the Vaults.
 15789 | D:14     | Noticed Snorg
 15796 | D:14     | Killed Snorg
 16024 | D:14     | Noticed Louise
 16055 | D:14     | Killed Louise
 16057 | D:14     | Identified the +0 large shield of Jigsaw {rPois} (You took
                  | it off Louise on level 14 of the Dungeon)
 16422 | D:14     | Found Jeps's Gadget Emporium.
 16434 | D:14     | Bought a wand of iceblast (9) for 182 gold pieces
 16434 | D:14     | Bought a wand of iceblast (7) for 154 gold pieces
 16434 | D:14     | Bought a wand of acid (8) for 336 gold pieces
 16597 | D:14     | Noticed Azrael
 16624 | D:14     | Killed Azrael
 16699 | D:14     | Reached XP level 15. HP: 133/140 MP: 8/8
 17070 | D:15     | Entered Level 15 of the Dungeon
 17087 | D:15     | Found Vedyuroxt's Armour Boutique.
 17170 | D:15     | Found a staircase to the Depths.
 17694 | Orc:1    | Entered Level 1 of the Orcish Mines
 17754 | Orc:1    | Found a flagged portal.
 17766 | Bailey   | Entered a bailey
 17928 | Bailey   | Identified the +0 scale mail of Utziso {+Inv rCorr Stlth+}
                  | (You found it in a bailey)
 18509 | Orc:1    | Found a roughly hewn altar of Beogh.
 18658 | Orc:2    | Entered Level 2 of the Orcish Mines
 18658 | Orc:2    | Found Exeogew's Antique Armour Emporium.
 18682 | Orc:2    | HP: 6/141 [soul eater[an orc high priest] (13)]
 18682 | Orc:2    | Slain by a hellwing

Vault maps used:
D:1:      tarquinn_simple_flora_water_a
D:3:      lemuel_coloured_pillars_altar, nicolae_overflow_hidden_temple,
          minivault_5, uniq_terence, uniq_grinder, uniq_ijyb
D:4:      temple_pool_b
D:5:      first_ration, serial_glass, glass_columns_c, glass_columns_a
D:6:      nicolae_qazlal_style_of_elements, ebering_ghost_inner_flame
D:7:      kennysheep_little_box, basic_altar, grunt_ministairs_15, the_bakery,
          kennysheep_generic_room_10
D:8:      chequers_temple_overflow_minitemple, okawaru_gym_becter,
          dpeg_lair_monsters, uniq_psyche
D:10:     minmay_crystal_room, uniq_erica
D:11:     kennysheep_big_flooded_room, serial_shops, kennysheep_mini_moat
D:12:     gammafunk_beogh_shrine, david_orc_5, basic_altar
D:13:     grunt_vaults_entry_tiered, minmay_beelzebubs_servants, uniq_kirke
D:14:     grunt_decor_cap, serial_shops, nicolae_shop_stone, uniq_snorg,
          uniq_azrael, uniq_louise
D:15:     grunt_enter_depths_magical_seal, serial_shops, shop,
          minmay_misc_feat_five
Temple:   minmay_temple_bridge_abc
Lair:1:   grunt_megastairs_3, uniq_gastronok
Lair:2:   swamp_mist_pool
Lair:3:   zaba_antful_of_joy, minmay_lair_oklob_chamber
Lair:4:   dummy_snake_entry, lab_entry_generic, minivault_11, dpeg_oklob_1
Lair:5:   pond_and_an_island_with_a_cottage, minmay_slime_entry_jelly_boxes,
          grunt_forest_small_clearing_treed, uniq_nessos
Lair:6:   guppyfry_lair_end_dragon, lemuel_old_faithful, lemuel_fruit_fields,
          wad_woods_river_01, infiniplex_staircase_pool_2, lemuel_fruit_fields
Orc:1:    enter_bailey_3, lemuel_statue_altar
Orc:2:    grunt_orc_gardens, grunt_orc_garden, grunt_orc_garden,
          grunt_orc_garden, grunt_orc_garden
Lab:      nicolae_lab_dead_adventurers, labyrinth_lava_lair,
          nicolae_lab_diamond, nicolae_lab_statue
Bailey:   bailey_polearm_gnolls_kennysheep, bailey

Skill      XL: |  1  2  3  4  5  6  7  8  9 10 11 12 13 14 15 |
---------------+----------------------------------------------+-----
Dodging        | 1 2 3 4 5 6 8 9 10 | 10.0
Fighting       | 3 4 5 6 7 8 9 10 11 | 11.0
Axes           | 3 4 6 7 8 9 10 11 12 | 12.4
Armour         | 4 5 6 7 8 9 10 11 12 | 12.6
Shields        | 4 5 6 7 8 9 10 11 12 | 12.8
Invocations    | 1 4 6 8 |  8.0
Evocations     | 1 4 6 8 10 11 12 | 12.3
Charms         | 1 3 5 7 |  7.8

Action                   |  1- 3 |  4- 6 |  7- 9 | 10-12 | 13-15 || total
-------------------------+-------+-------+-------+-------+-------++-------
Melee: War axe           |   145 |    31 |   249 |   172 |    22 ||   619
       Dagger            |       |   138 |   182 |       |       ||   320
       Broad axe         |       |       |       |   541 |  1175 ||  1716
 Cast: Song of Slaying   |       |       |       |       |     2 ||     2
Invok: Minor Destruction |       |       |       |    16 |    11 ||    27
       Lesser Servant of |       |       |       |     2 |     2 ||     4
 Abil: Heal Wounds       |     2 |     5 |    20 |    32 |    15 ||    74
Evoke: Wand              |       |       |       |    11 |     7 ||    18
       Lamp of fire      |       |       |       |     1 |       ||     1
  Use: Scroll            |       |       |    11 |    11 |    18 ||    40
       Potion            |       |       |     2 |     7 |       ||     9
 Stab: Invisible         |       |       |       |     3 |       ||     3
  Eat: Chunk             |     2 |     3 |    10 |    14 |    18 ||    47
       Ration            |       |       |       |     4 |     2 ||     6
Armor: Scale mail        |    49 |    23 |       |       |       ||    72
       Chain mail        |       |    80 |    62 |       |       ||   142
       Plate armour      |       |       |   105 |   339 |   484 ||   928
       Skin              |       |       |       |     4 |       ||     4
Dodge: Dodged            |    67 |    61 |    90 |   206 |   325 ||   749
Block: Shield            |    73 |    93 |   234 |    70 |       ||   470
       Large shield      |       |       |       |   655 |  1229 ||  1884

Table legend:
 A = Non-vault XP
 B = Vault XP
 C = Vault XP percentage of total XP
 D = Non-vault monster count
 E = Vault monster count
 F = Vault count percentage of total count
                 A         B        C        D         E       F
            +---------+---------+-------+---------+---------+-------
      Total |   71456 |   56950 |  44.4 |     494 |     243 |  33.0
            +---------+---------+-------+---------+---------+-------
        D:1 |      36 |       0 |   0.0 |      19 |       0 |   0.0
        D:2 |      44 |       0 |   0.0 |      19 |       0 |   0.0
        D:3 |     350 |     343 |  49.5 |      31 |       3 |   8.8
        D:4 |     277 |       0 |   0.0 |      18 |       0 |   0.0
        D:5 |     868 |       0 |   0.0 |      32 |       0 |   0.0
        D:6 |     620 |     936 |  60.2 |      20 |       2 |   9.1
        D:7 |    2100 |    1335 |  38.9 |      38 |       7 |  15.6
        D:8 |    1946 |    5306 |  73.2 |      22 |       7 |  24.1
        D:9 |    1516 |       0 |   0.0 |      23 |       0 |   0.0
       D:10 |    1664 |     934 |  36.0 |      18 |       1 |   5.3
       D:11 |    5033 |     680 |  11.9 |      23 |       2 |   8.0
       D:12 |    3919 |    3430 |  46.7 |      22 |      36 |  62.1
       D:13 |    3474 |   14230 |  80.4 |      22 |      39 |  63.9
       D:14 |    7557 |    5352 |  41.5 |      18 |      11 |  37.9
       D:15 |   10389 |    7696 |  42.6 |      30 |      12 |  28.6
     Lair:1 |    4401 |    2075 |  32.0 |      21 |       3 |  12.5
     Lair:2 |    5024 |       0 |   0.0 |      21 |       0 |   0.0
     Lair:3 |    2086 |    2843 |  57.7 |       9 |      30 |  76.9
     Lair:4 |    3512 |     624 |  15.1 |      15 |       2 |  11.8
     Lair:5 |    4219 |    1966 |  31.8 |      22 |      23 |  51.1
     Lair:6 |   10508 |    4561 |  30.3 |      36 |      19 |  34.5
      Orc:1 |     886 |     411 |  31.7 |       7 |       5 |  41.7
      Orc:2 |    1027 |    1649 |  61.6 |       8 |       6 |  42.9
        Lab |       0 |    1350 | 100.0 |       0 |       5 | 100.0
     Bailey |       0 |    1229 | 100.0 |       0 |      30 | 100.0
            +---------+---------+-------+---------+---------+-------
